 Dungeon Crawl Stone Soup version 0.24.0-10-g970556be89 (webtiles) character file.

Game seed: 1665793350576967137, levelgen mode: deterministic

22 Esekla the Sneak (level 3, 0/26 HPs)
             Began as a Formicid Air Elementalist on Nov 3, 2019.
             Slain by an orc
             ... wielding a +0 flail
              (12 damage)
             ... on level 2 of the Dungeon.
             The game lasted 00:09:06 (953 turns).

Esekla the Sneak (Formicid Air Elementalist)         Turns: 953, Time: 00:09:06

Health: 0/26       AC:  2    Str: 12    XL:     3   Next: 7%
Magic:  4/6        EV: 12    Int: 15    God:
Gold:   40         SH:  0    Dex: 11    Spells: 3/7 levels left

rFire    . . .     SeeInvis +   e - +2 dagger (drain)
rCold    . . .     Gourm    .   (no shield)
rNeg     . . .     Faith    .   a - +0 robe
rPois    .         Spirit   .   (helmet unavailable)
rElec    .         Reflect  .   (no cloak)
rCorr    .         Harm     .   (no gloves)
MR       .....                  (no boots)
Stlth    ++........             (no amulet)
HPRegen  0.08/turn              (no ring)
MPRegen  0.10/turn              (no ring)

@: no status effects
A: permanent stasis, dig shafts and tunnels, four strong arms, antennae 3
a: Dig, Shaft Self


You were on level 2 of the Dungeon.
You were not hungry.

You visited 1 branch of the dungeon, and saw 3 of its levels.

You collected 40 gold pieces.

Inventory:

Hand Weapons
 e - a +2 dagger of draining (weapon)
Armour
 a - a +0 robe (worn)
Scrolls
 b - a scroll of teleportation {unknown}
 d - a scroll of identify {unknown}
 f - a scroll of remove curse {unknown}
Comestibles
 c - 4 rations


   Skills:
 * Level 1.1 Fighting
 + Level 0.1 Short Blades
 + Level 2.2 Dodging
 + Level 2.7 Stealth
 + Level 2.5 Spellcasting
 + Level 1.1 Conjurations
 - Level 2.4 Air Magic


You had 3 spell levels left.
You knew the following spells:

 Your Spells              Type           Power        Failure   Level  Hunger
a - Shock                 Conj/Air       #...         11%         1    #......
b - Static Discharge      Conj/Air       #.......     30%         3    ###....

Your spell library contained the following spells:

 Spells                   Type           Power        Failure   Level  Hunger
 Swiftness                Chrm/Air       #.......     21%         2    ###....
 Airstrike                Air            #.........   61%         4    #####..
 Lightning Bolt           Conj/Air       #.........   96%         5    ######.


Dungeon Overview and Level Annotations

Branches:
Dungeon (3/15)

Altars:


Innate Abilities, Weirdness & Mutations

You cannot be hasted, slowed, berserked, paralysed or teleported.
You can dig through walls and to a lower floor.
Your four strong arms can wield two-handed weapons with a shield.
You have a pair of large antennae on your head. (SInv)


Message History

Confirm with . or Enter, or press ? or * to list all spells.
Aiming: Shock (safe; 11% risk of failure)
Press: ? - help, Shift-Dir - straight line, f - orc
Aim: an orc, wielding a +0 flail and wearing a +0 chain mail The zap hits the orc.
The orc is lightly wounded.
Casting: Shock (safe; 11% risk of failure)
Confirm with . or Enter, or press ? or * to list all spells.
Aiming: Shock (safe; 11% risk of failure)
Press: ? - help, Shift-Dir - straight line, f/p - orc
Aim: an orc, wielding a +0 flail and wearing a +0 chain mail (lightly wounded)
The zap hits the orc.
The orc is heavily wounded.
The orc barely misses you.
You climb upwards.
There is a stone staircase leading down here.
You completely miss the orc.
The orc is heavily wounded.
The orc hits you with a +0 flail!
You die...

#..# ##.......##..####..# ##..#
#######.##..# #..# .)..#
#.##..####..## ....##########
#.##......... .............#
#.##.#####..# ....########.#
#.##.# #[.# ....###
####.###.##.#####..# # ......#
#........o.........# .##
..##..###.##.###@..†####...###...
.####.†...##....###............#
.# ###########.# #.####)......#
.# #.# #.# ##.#.#### . #.# #.#
#.#.##### ####.###.#####........
#######................#####
........################
#########


You could see an orc.

Vanquished Creatures
  An ooze (D:1)
  2 leopard geckos (D:1)
  2 bats
  A giant cockroach (D:1)
  3 goblins
  A ball python (D:2)
  A frilled lizard (D:1)
  3 kobolds
  2 rats
16 creatures vanquished.

Notes
Turn   | Place    | Note
-------+----------+-------------------------------------------
     0 | D:1      | Esekla the Formicid Air Elementalist began the quest for
                  | the Orb.
     0 | D:1      | Reached XP level 1. HP: 13/13 MP: 3/3
   140 | D:1      | Reached XP level 2. HP: 7/20 MP: 0/5
   561 | D:1      | Reached skill level 1 in Fighting
   763 | D:2      | Reached skill level 1 in Conjurations
   794 | D:2      | Reached XP level 3. HP: 26/26 MP: 2/6
   838 | D:2      | Learned a level 3 spell: Static Discharge
   953 | D:2      | Slain by an orc

Levels and vault maps discovered:
D:1:      dpeg_arrival_court, layout_loops_ring
D:2:      layout_loops_ring, first_ration, uniq_crazy_yiuf_cottage, uniq_jessica
D:3:      layout_basic, grunt_temple_overflow_lords_of_destruction,
          tso_oasis_becter, uniq_ijyb, uniq_robin, uniq_sigmund

Skill      XL: |  1  2 |
---------------+-------+-----
Dodging        | 2 |  2.2
Fighting       | 1 |  1.1
Conjurations   | 1 |  1.1
Short Blades   | |  0.1
Stealth        | |  2.7
Spellcasting   | |  2.5
Air Magic      | |  2.4

Action                   || total
-------------------------++-------
Melee: Unarmed           ||    10
       Dagger            ||    10
 Cast: Shock             ||    17
 Stab: Sleeping          ||     1
Armor: Robe              ||     2
Dodge: Dodged            ||    22
